 Dungeon Crawl Stone Soup version 0.20.1-1-g8b1a95d (webtiles) character file.

125 Minstaer the Digger (level 5, -2/28 HPs)
             Began as a Gargoyle Earth Elementalist on Nov 4, 2017.
             Killed from afar by Anon1729's ghost (12 damage)
             ... with a flame tongue
             ... on level 4 of the Dungeon.
             The game lasted 00:21:13 (3885 turns).

Minstaer the Digger (Gargoyle Earth Elementalist)   Turns: 3885, Time: 00:21:14

Health: -2/28      AC:  9    Str: 12    XL:     5   Next: 9%
Magic:  8/10       EV: 10    Int: 19    God:
Gold:   242        SH:  0    Dex: 10    Spells: 3/11 levels left

rFire    . . .     SeeInvis .   b - +0 dagger
rCold    . . .     Gourm    .   (no shield)
rNeg     + . .     Faith    .   q - +0 ring mail
rPois    ∞         Spirit   .   (no helmet)
rElec    +         Reflect  .   (no cloak)
rCorr    .         Harm     .   (no gloves)
MR       .....                  (no boots)
Stlth    +.........             (no amulet)
Regen    0.1/turn               y - +3 ring of intelligence
MPRegen  0.2/turn               (no ring)

@: no status effects
A: negative energy resistance 1, electricity resistance, unbreathing,
petrification resistance, rot immunity, AC +4
a: no special abilities


You were on level 4 of the Dungeon.
You were not hungry.

You visited 1 branch of the dungeon, and saw 4 of its levels.

You collected 242 gold pieces.

Inventory:

Hand Weapons
 a - a +0 hunting sling
 b - a +0 dagger (weapon)
 t - a +0 falchion
Missiles
 k - 45 stones (quivered)
 n - 52 arrows
 p - 33 poisoned needles
 z - 11 tomahawks
 B - 5 curare-tipped needles
Armour
 c - a +1 robe
 q - a +0 ring mail (worn)
Jewellery
 y - a +3 ring of intelligence (left hand)
Scrolls
 i - 2 scrolls of teleportation
 u - a scroll of recharging
Potions
 l - a potion of curing {unknown}
 m - a potion of mutation {unknown}
 o - 2 potions of lignification {unknown}
 s - a potion of cancellation {unknown}
 w - a potion of brilliance {unknown}
 C - a potion of resistance {unknown}
Books
 e - a book of Geomancy

   Spells                             Type                      Level
   a - Sandblast                      Earth                        1
   b - Passwall                       Transmutation/Earth          2
   c - Stone Arrow                    Conjuration/Earth            3
   d - Petrify                        Transmutation/Earth          4
   e - Lee's Rapid Deconstruction     Earth                        5
Comestibles
 d - 6 bread rations
 g - 9 fruits
 v - 2 royal jellies
 x - 3 meat rations


   Skills:
 - Level 1.5 Dodging
 - Level 2.1 Stealth
 + Level 3.6 Spellcasting
 * Level 1.9 Transmutations
 + Level 4.5 Earth Magic


You had 3 spell levels left.
You knew the following spells:

 Your Spells              Type           Power        Failure   Level  Hunger
a - Sandblast             Erth           ###...       4%          1    None
b - Stone Arrow           Conj/Erth      ##....       36%         3    ###....
c - Petrify               Tmut/Erth      ###.....     63%         4    ####...


Dungeon Overview and Level Annotations

Branches:
Dungeon (4/15)
 Temple: D:4-7

Altars:
The Shining One

Shops:
D:4 (

Annotations:
D:4 Anon1729's ghost, amateur OpFE


Innate Abilities, Weirdness & Mutations

You are resistant to torment.
Your stone body is resilient. (AC +4)
You are immune to poison.
You resist negative energy. (rN+)
You are resistant to electric shocks. (rElec)
You can survive without breathing.
You are immune to petrification.
You are immune to rotting.


Message History

Aiming: Sandblast
Press: ? - help, Shift-Dir - straight line, f - Anon1729's ghost
Aim: Anon1729's ghost The blast of sand hits Anon1729's ghost.
Anon1729's ghost is moderately damaged.
k - 46 stones Anon1729's ghost stares at you and mumbles some strange words.
The flame tongue hits you!
Ouch! That really hurt!
Casting: Sandblast
Confirm with . or Enter, or press ? or * to list all spells.
Aiming: Sandblast
Press: ? - help, Shift-Dir - straight line, f/p - Anon1729's ghost
Aim: Anon1729's ghost (moderately damaged)
The blast of sand hits Anon1729's ghost.
Anon1729's ghost is heavily damaged.
k - 45 stones Anon1729's ghost stares at you and mumbles some strange words.
The flame tongue hits you!
You die...

#..........#
#..........#
#..........#
#..........#
#..........# ..
#..........# ..#
#..........# ...
#..........#
#.####@.#....####
###....W[##.#..#
#...........#.##
#........#..#.#
.........#....#
#.....#..#.#.##
#.....#....#.# #
#.....#.####.# .
#.......####.# .#


You could see Anon1729's ghost.

Vanquished Creatures
  A crimson imp (D:3)
  3 adders (D:2)
  2 dart slugs
  2 leopard geckos
  2 orcs (D:3)
  A ball python (D:2)
  2 giant cockroaches
  7 goblins
  8 hobgoblins
  6 kobolds
  A quokka (D:3)
  8 bats
  6 frilled lizards
  A leopard gecko skeleton (D:4)
  8 rats
58 creatures vanquished.

Notes
Turn   | Place    | Note
-------+----------+-------------------------------------------
     0 | D:1      | Minstaer the Gargoyle Earth Elementalist began the quest for the Orb.
     0 | D:1      | Reached XP level 1. HP: 10/10 MP: 3/3
    18 | D:1      | Noticed a merfolk zombie
   432 | D:1      | Reached XP level 2. HP: 8/15 MP: 3/5
   657 | D:1      | Reached skill level 4 in Earth Magic
  1347 | D:2      | Reached XP level 3. HP: 15/19 MP: 7/7
  1460 | D:2      | Learned a level 3 spell: Stone Arrow
  2342 | D:2      | Reached XP level 4. HP: 18/24 MP: 9/9
  2348 | D:2      | Learned a level 4 spell: Petrify
  2433 | D:2      | Reached skill level 1 in Transmutations
  3463 | D:3      | Reached XP level 5. HP: 25/28 MP: 3/10
  3678 | D:3      | Found a glowing golden altar of the Shining One.
  3840 | D:4      | Found Siclyfugh's Weapon Boutique.
  3883 | D:4      | Noticed Anon1729's ghost (amateur OpFE)
  3885 | D:4      | Killed from afar by Anon1729's ghost

Skill      XL: |  1  2  3  4 |
---------------+-------------+-----
Earth Magic    | 4 |  4.5
Spellcasting   | 3 |  3.6
Transmutations | 1 |  1.9
Dodging        | |  1.5
Stealth        | |  2.1

Action                   |  1- 3 |  4- 6 || total
-------------------------+-------+-------++-------
Melee: Unarmed           |    21 |       ||    21
       Club              |   122 |    89 ||   211
 Cast: Sandblast         |    22 |    19 ||    41
       Stone Arrow       |       |     3 ||     3
  Use: Scroll            |       |     5 ||     5
 Stab: Sleeping          |     1 |       ||     1
  Eat: Chunk             |     5 |     5 ||    10
Armor: Robe              |    71 |    13 ||    84
       Ring mail         |       |    50 ||    50
Dodge: Dodged            |   124 |    76 ||   200
